 Dungeon Crawl Stone Soup version 0.28-a0-622-gbaef9634d7 (webtiles) character file.

Game seed: 10679911877527250814

1057 ytrimaz the Skirmisher (level 8, -10/74 HPs)
             Began as a Minotaur Abyssal Knight on Oct 7, 2021.
             Was a Priest of Lugonu.
             Killed by nerve-wracking pain
             ... invoked by an orc priest
              (12 damage)
             ... on level 6 of the Dungeon.
             The game lasted 00:12:12 (7893 turns).

ytrimaz the Skirmisher (Minotaur Abyssal Knight)    Turns: 7893, Time: 00:12:12

Health: -10/74     AC:  8    Str: 20    XL:     8   Next: 6%
Magic:  16/19      EV: 11    Int: 11    God:    Lugonu [***...]
Gold:   1183       SH:  0    Dex: 11    Spells: 7/7 levels left

rFire   . . .      SeeInvis .   a - +1 hand axe
rCold   . . .      Faith    .   (no shield)
rNeg    . . .      Spirit   .   w - +1 ring mail of Disguise {Rampage Will- rCorr MP+9 Int+4}
rPois   .          Reflect  .   (helmet restricted)
rElec   .          Harm     .   (no cloak)
rCorr   +          Rampage  +   (no gloves)
Will    .....                   v - +0 pair of boots
Stlth   +.........              f - amulet of the acrobat
HPRegen 0.22/turn               (no ring)
MPRegen 0.16/turn               (no ring)

@: no status effects
A: horns 2, retaliatory headbutt
a: Renounce Religion, Depart the Abyss, Bend Space, Banish


You were on level 6 of the Dungeon.
You worshipped Lugonu.
Lugonu was most pleased with you.
You visited 2 branches of the dungeon, and saw 7 of its levels.
You visited the Abyss 1 time.

You collected 1481 gold pieces.
You spent 298 gold pieces at shops.

Inventory:

Hand Weapons
 a - a +1 hand axe (weapon)
Missiles
 b - 15 poisoned darts
Armour
 l - a +0 kite shield
 n - a +0 chain mail
 v - a +0 pair of boots (worn)
 w - the +1 ring mail of Disguise (worn) {Rampage Will- rCorr MP+9 Int+4}
   (You bought it in a shop on level 5 of the Dungeon)

   Int:       It affects your intelligence (+4).
   MP:        It affects your magic capacity (+9).
   rCorr:     It protects you from acid and corrosion.
   Rampage:   It bestows one free step when moving towards enemies.
   Will:      It decreases your willpower.
Jewellery
 f - an amulet of the acrobat (around neck)
Scrolls
 h - 2 scrolls of teleportation
 m - a scroll of brand weapon {unknown}
 r - 3 scrolls of noise {unknown}
 t - a scroll of silence {unknown}
 u - 2 scrolls of identify
Potions
 d - 2 potions of lignification
 g - 2 potions of mutation {unknown}
 i - 4 potions of curing
 j - a potion of might {unknown}
 k - a potion of resistance {unknown}
 o - a potion of haste {unknown}
 p - a potion of cancellation {unknown}
 q - a potion of degeneration {unknown}
 s - a potion of brilliance {unknown}


   Skills:
 * Level 7.7 Fighting
 + Level 6.5 Axes
 + Level 4.1 Armour
 - Level 1.1 Dodging
 * Level 4.9 Invocations


You had 7 spell levels left.
You didn't know any spells.
Your spell library contained the following spells:

 Spells                   Type           Power      Damage    Failure   Level
 Ensorcelled Hibernation  Hex/Ice        0%         N/A       65%         2
 Tukima's Dance           Hex            0%         N/A       86%         3


Dungeon Overview and Level Annotations

Branches:
Dungeon (6/15)             Temple (1/1) D:5

Altars:
Ashenzari
Cheibriados
Dithmenos
Elyvilon
Fedhas
Gozag
Kikubaaqudgha
Makhleb
Nemelex Xobeh
Okawaru
Qazlal
Ru
Sif Muna
Trog
Uskayaw
Wu Jian
Xom
Yredelemnul
Zin
The Shining One

Shops:
D:4 *   D:5 [!


Innate Abilities, Weirdness & Mutations

You have a pair of horns on your head.
You reflexively headbutt those who attack you in melee.


Message History

You feel much better. Space bends around you!
You blink.
The howler monkey hoots and howls with incredible vigour!
The orc hits you with a +0 club.
* * * LOW HITPOINT WARNING * * *
The orc wizard closely misses you.
You hear a shout! x2
Space bends around you!
You blink.
An orc comes into view. It is wielding a +0 short sword.
You rampage towards the orc!
The orc barely misses you.
You barely miss the orc. The orc closely misses you. The orc barely misses you.
The orc closely misses you. The orc hits you but does no damage.
The orc hits you with a +0 short sword.
* * * LOW HITPOINT WARNING * * *
The orc throws a stone.
The stone completely misses you.
The orc throws a stone.
The stone completely misses you.
You feel much better.
You open the door.
Found a shimmering blue altar of Sif Muna.
The water moccasin completely misses you.
There is an open door here.
There is a shimmering blue altar of Sif Muna here.
Space bends around you!
You blink.
The orc hits you but does no damage. The orc wizard misses you.
The orc warrior hits you with a +0 long sword.
The orc priest mumbles some strange prayers to Beogh against you.
Beogh smites you!
* * * LOW HITPOINT WARNING * * *
The orc hits you but does no damage. Space bends around you!
You blink.
The water moccasin bites you but does no damage.
The orc warrior hits you with a +0 long sword.
* * * LOW HITPOINT WARNING * * *
The water moccasin barely misses you. You furiously retaliate!
You headbutt the water moccasin. Space bends around you!
You blink.
The orc priest mumbles some strange prayers to Beogh against you.
Pain shoots through your body!
You die...

#.........####### ..
#####.....##....##
#. ####
##o..#....#...# #
...###.o§##.o#.#...#
#§..ho.ooSo...#...#
#####.#.###.###...#
# ###...# #.# #...#
####....## #.# #...#
##...##.# #@.o#
...###..# #o..# ####
#.## #.oo# # #.#
#.o§# # #o#


#ooS# o.# ##§## .o## #_# ... ### .... You could see an orc warrior, a water
moccasin, 2 orc priests, an orc wizard and 3 orcs.

Vanquished Creatures
  A black bear (D:4)
  An ogre (D:4)
  3 scorpions
  A centaur zombie (D:5)
  4 crimson imps (D:3)
  An orc priest (D:3)
  4 hounds
  A jelly (D:5)
  A bullfrog skeleton (D:5)
  Jessica (D:3)
  An iguana (D:4)
  A hound skeleton (D:4)
  4 gnolls
  11 adders
  2 white imps
  An ufetubus (D:4)
  An adder skeleton (D:4)
  A worm (D:2)
  6 dart slugs
  6 orcs
  11 ball pythons
  8 bats
  8 endoplasms
  7 giant cockroaches
  8 goblins
  4 hobgoblins
  5 kobolds
  2 quokkas (D:1)
  5 frilled lizards
  4 rats
114 creatures vanquished.

Vanquished Creatures (others)
  A plant (D:2)
1 creature vanquished.

Grand Total: 115 creatures vanquished

Notes
Turn   | Place    | Note
-------+----------+-------------------------------------------
     0 | Abyss:1  | ytrimaz the Minotaur Abyssal Knight began the quest for the
                  | Orb.
     0 | Abyss:1  | Reached XP level 1. HP: 19/19 MP: 1/1
   113 | Abyss:1  | Noticed a smoke demon
   114 | D:1      | Escaped the Abyss
   527 | D:1      | Reached skill level 4 in Fighting
   777 | D:1      | Reached XP level 2. HP: 27/27 MP: 2/2
   779 | D:1      | Reached * piety under Lugonu
   824 | D:1      | Reached XP level 3. HP: 13/34 MP: 3/3
  1079 | D:1      | Found a faded altar of an unknown god.
  1570 | D:2      | Reached skill level 5 in Fighting
  1719 | D:2      | Reached ** piety under Lugonu
  1839 | D:2      | Reached XP level 4. HP: 37/42 MP: 2/4
  2741 | D:3      | Found a stormy altar of Qazlal.
  3134 | D:3      | Reached XP level 5. HP: 25/49 MP: 5/5
  3402 | D:3      | Found a shimmering altar of Xom.
  3456 | D:3      | Reached skill level 6 in Fighting
  3463 | D:3      | Reached XP level 6. HP: 24/57 MP: 3/7
  3708 | D:3      | Noticed Jessica
  3713 | D:3      | Killed Jessica
  4048 | D:3      | Found a basalt altar of Yredelemnul.
  4261 | D:3      | Reached skill level 5 in Axes
  4399 | D:4      | Found Loamasaneb's Elemental Accessories.
  4577 | D:4      | Reached *** piety under Lugonu
  4817 | D:4      | Reached XP level 7. HP: 64/64 MP: 8/8
  4889 | D:4      | Reached skill level 7 in Fighting
  6176 | D:4      | Found an opulent altar of Gozag.
  6177 | D:4      | Found a glowing silver altar of Zin.
  6270 | D:4      | Identified a scroll of acquirement
  6270 | D:4      | Acquired a +0 scimitar of holy wrath
  6302 | D:5      | Entered Level 5 of the Dungeon
  6468 | D:5      | Found Xilu's Distillery.
  6476 | D:5      | Bought a potion of lignification for 42 gold pieces
  6695 | D:5      | Found a sparkling altar of Nemelex Xobeh.
  6695 | D:5      | Found a snail-covered altar of Cheibriados.
  6777 | D:5      | Found a staircase to the Ecumenical Temple.
  6787 | Temple   | Entered the Ecumenical Temple
  7063 | D:5      | Found Loukoif's Antique Armour Boutique.
  7186 | D:5      | Found a broken altar of Ashenzari.
  7190 | D:5      | Found a sacrificial altar of Ru.
  7194 | D:5      | Found an ornate altar of the Wu Jian Council.
  7271 | D:5      | Reached XP level 8. HP: 61/73 MP: 10/10
  7487 | D:5      | Bought a pair of boots for 85 gold pieces
  7487 | D:5      | Bought a fading ring mail for 171 gold pieces
  7487 | D:5      | Identified the +1 ring mail of Disguise {Rampage Will-
                  | rCorr MP+9 Int+4} (You bought it in a shop on level 5 of
                  | the Dungeon)
  7502 | D:5      | Acquired 1115 gold pieces
  7866 | D:6      | HP: 2/74 [orc priest/divine providence (13)]
  7888 | D:6      | Found a shimmering blue altar of Sif Muna.
  7892 | D:6      | HP: 3/74 [orc warrior (6)]
  7893 | D:6      | Killed from afar by an orc priest

Illustrated notes

Levels and vault maps discovered:
D:1:      mrwooster_arrival_statue_2, layout_rooms,
          chequers_ecumenical_altar_simple, minmay_tromino_mix6
D:2:      layout_basic, serial_bayou_crossing
D:3:      layout_basic, amcnicky_altar_gilded, led_xom_imps,
          yredelemnul_altar_generic, uniq_jessica
D:4:      layout_gridville, grunt_temple_overflow_gold_and_silver,
          nicolae_elemental_shop, st_stairs_3, hangedman_decor_clover_reticule
D:5:      layout_basic, gammafunk_temple_overflow_statue,
          grunt_temple_overflow_diamond, temple_hall, serial_shops, shop_statue,
          shop_fountains, chequers_serial_rivers_small_3,
          small_statue_intersection
D:6:      layout_rooms, lemuel_blue_sif_altar, uniq_crazy_yiuf_cottage
Temple:   jpeg_temple_island

Skill      XL: |  1  2  3  4  5  6  7 |
---------------+----------------------+-----
Fighting       | 4 5 6 7 |  7.7
Invocations    | 2 3 4 |  4.9
Axes           | 3 4 5 6 |  6.5
Armour         | 3 4 |  4.1
Dodging        | |  1.1

Action                   |  1- 3 |  4- 6 |  7- 9 || total
-------------------------+-------+-------+-------++-------
Melee: Hand axe          |    64 |   186 |    94 ||   344
       Headbutt          |     6 |    25 |    22 ||    53
Invok: Depart the Abyss  |     1 |       |       ||     1
       Bend Space        |     1 |     7 |    28 ||    36
  Use: Potion            |       |     1 |     3 ||     4
       Scroll            |       |       |     5 ||     5
Armor: Leather armour    |    37 |    40 |    16 ||    93
       Chain mail        |       |       |    12 ||    12
       Ring mail         |       |       |     7 ||     7
Dodge: Dodged            |    77 |   158 |    90 ||   325

Table legend: (Time is in decaauts)
 A = Elapsed time spent in this place.
 B = Non-inter-level travel time spent in this place.
 C = Inter-level travel time spent in this place.
 D = Time resting spent in this place.
 E = Time spent auto-exploring this place.
 F = Levels seen in this place.
 G = Mean time per level.
                   A        B        C        D        E       F      G
               +--------+--------+--------+--------+--------+-----+--------+
         Total |   7965 |   7762 |    203 |    554 |   5908 |   8 |  995.6 |
       Dungeon |   7576 |   7401 |    175 |    554 |   5567 |   6 | 1262.7 |
        Temple |    274 |    246 |     28 |      0 |    240 |   1 |  274.0 |
         Abyss |    114 |    114 |      0 |      0 |    100 |   1 |  114.0 |
               +--------+--------+--------+--------+--------+-----+--------+

Top non-repeatable levels by time:
     D:3: 2615 daAuts
     D:4: 1355 daAuts
     D:1: 1344 daAuts
     D:5: 1199 daAuts
     D:2: 902 daAuts
  Temple: 274 daAuts
     D:6: 160 daAuts
 Abyss:1: 114 daAuts
